 Dungeon Crawl Stone Soup version 0.29.1-15-g9cfb28693d (webtiles) character file.

Game seed: 12121763861420958709

7 vishdafish the Conjurer (level 1, 0/13 HPs)
             Began as a Demonspawn Conjurer on Mar 29, 2023.
             Slain by a quokka (2 damage)
             ... on level 1 of the Dungeon.
             The game lasted 00:00:23 (359 turns).

vishdafish the Conjurer (Demonspawn Conjurer)        Turns: 359, Time: 00:00:24

Health: 0/13       AC:  2    Str:  7    XL:     1   Next: 91%
Magic:  3/3        EV: 12    Int: 19    God:
Gold:   18         SH:  0    Dex: 11    Spells: 3/4 levels left

rFire   . . .      SeeInvis .   d - +0 short sword
rCold   . . .      Faith    .   (no shield)
rNeg    . . .      Spirit   .   a - +0 robe
rPois   .          Reflect  .   (no helmet)
rElec   .          Harm     .   (no cloak)
rCorr   .          Rampage  .   (no gloves)
Will    .....                   (no boots)
Stlth   ++........              (no amulet)
HPRegen 0.04/turn               (no ring)
MPRegen 0.08/turn               (no ring)

@: no status effects
A: no striking features
a: no special abilities


You were on level 1 of the Dungeon.
You visited 1 branch of the dungeon, and saw 1 of its levels.

You collected 18 gold pieces.

Inventory:

Hand Weapons
 d - a +0 short sword (weapon)
Armour
 a - a +0 robe (worn)
Scrolls
 c - a scroll of butterflies {unknown}


   Skills:
 - Level 1.7 Dodging
 - Level 1.8 Stealth
 + Level 2.2 Spellcasting
 + Level 4.2 Conjurations


You had 3 spell levels left.
You knew the following spells:

 Your Spells              Type           Power      Damage    Failure   Level
a - Magic Dart            Conj           72%        1d6       3%          1

Your spell library contained the following spells:

 Spells                   Type           Power      Damage    Failure   Level
 Searing Ray              Conj           36%        2d5       4%          2
 Dazzling Flash           Conj/Hex       20%        N/A       21%         3
 Fulminant Prism          Conj/Hex       5%         3d7       56%         4
 Iskenderun's Mystic Bla  Conj/Tloc      10%        2d4       56%         4


Dungeon Overview and Level Annotations

Branches:
Dungeon (1/15)

Altars:


Message History

Found a whip.
You see here a +0 whip.
You see here a +0 whip.
A quokka and a bat come into view.
There are monsters nearby!
There are monsters nearby!
The magic dart hits the quokka but does no damage.
The magic dart hits the bat.
You kill the bat!
The magic dart hits the quokka but does no damage.
You are out of magic!
You are out of magic!
The quokka barely misses you.
You closely miss the quokka. The quokka bites you.
You barely miss the quokka. The quokka bites you.
The quokka completely misses you.
You barely miss the quokka. The quokka closely misses you.
You closely miss the quokka. Your punch misses the quokka.
The quokka bites you.
You hit the quokka.
The quokka is lightly wounded.
The quokka misses you. The quokka barely misses you.
You closely miss the quokka.
The quokka is lightly wounded.
The quokka misses you.
You closely miss the quokka.
The quokka is lightly wounded.
The quokka bites you.
* * * LOW HITPOINT WARNING * * *
You are too injured to fight recklessly!
Magic courses through your body.
The quokka bites you but does no damage.
The quokka misses you.
Aiming: Magic Dart (safe; 3% risk of failure)
Press: ? - help, Q - select action Shift-Dir - straight line, f/p - quokka
Aim: a quokka (lightly wounded, 100% to hit)
The magic dart hits the quokka.
The quokka is moderately wounded.
The quokka bites you.
You die...

.. ... ... #.# #.# . #.#
....####.# .....†r@.# ###
### ###.####.#
##.###.###.###.##.###
#.#.#.#.#.#.#.#.....#
#.#.#.#.#.#.#.#..##.##
.###.###.###.###..#..# .#
##########.### ##.##.# .#
# ..# #......# #..#^# .#
#
#.#####......#####.#.##.#
#


You could see a quokka.

Vanquished Creatures
  3 bats (D:1)
  A goblin (D:1)
  A hobgoblin (D:1)
  A quokka (D:1)
  A ball python (D:1)
7 creatures vanquished.

Notes
Turn   | Place    | Note
-------+----------+-------------------------------------------
     0 | D:1      | vishdafish the Demonspawn Conjurer began the quest for the
                  | Orb.
     0 | D:1      | Reached XP level 1. HP: 13/13 MP: 3/3
   359 | D:1      | Slain by a quokka

Illustrated notes

Levels and vault maps discovered:
D:1:      psy_arrival_conway, layout_basic,
          hellmonk_ecumenical_altar_pennies_from_heaven, grunt_decor_resistance,
          minmay_hexomino_f4

Action                   || total
-------------------------++-------
Melee: Short sword       ||     7
       Unarmed           ||     5
 Cast: Magic Dart        ||    17
  Use: Potion            ||     1
Armor: Robe              ||     1
Dodge: Dodged            ||    12
